Map: Eternal Empire LE

Players

eGGz - Winner!

  • Race: Zerg Zerg
  • League: Master
  • Spawn Location: 7:00

nanO

  • Race: Protoss Protoss
  • Spawn Location: 1:00

Event: DreamHack SC2 Masters 2020 Summer Latin America

VOD

Have the link to the VOD?

Description

Time

  • Played on: June 25, 2020, 3:09 p.m.
  • Length: 4:50

All games in this series

Show
View Real Time Build Order
Export as new Build Order

eGGz Zerg - Winner!

Build Orders: Hatch First 

Get SALT Encoding   

  12  0:01  Drone  
  13  0:14  Overlord  
  13  0:17  Drone  
  14  0:33  Drone  
  14  0:35  Drone  
  16  0:49  Hatchery  
  15  0:53  Drone  
  16  0:59  Drone  
  17  1:04  Extractor  
  16  1:12  Spawning Pool  
  16  1:15  Drone  
  16  1:19  Drone  
  16  1:23  Drone  
  18  1:32  Drone  
  19  1:41  Overlord  
  19  1:52  Drone  
  20  1:59  Queen  
  22  2:01  Queen  
  22  2:03  Zergling x2  
  22  2:05  Zergling x2  
  26  2:12  Drone  
  27  2:15  Drone  
  28  2:23  Drone, Metabolic Boost  
  28  2:29  Drone  
  30  2:37  Roach Warren  
  29  2:51  Hatchery  
  28  2:53  Drone  
  28  2:56  Drone  
  30  3:01  Overlord  
  29  3:14  Overlord  
  29  3:16  Roach x2  
  29  3:19  Roach  
  35  3:23  Roach  
  37  3:28  Roach  
  37  3:30  Zergling x2  
  37  3:33  Zergling x2  
  41  3:37  Zergling x2  
  41  3:38  Zergling x2  
  43  3:43  Zergling x4  
  43  3:44  Zergling x2  
  43  3:46  Zergling x2  
  47  3:56  Zergling x4  
  47  3:57  Zergling x4  
  52  4:02  Zergling x2  
  52  4:03  Zergling x2  
  53  4:11  Zergling x4  
  53  4:15  Ravager  
  53  4:16  Overlord  
  56  4:18  Spine Crawler  
  56  4:20  Zergling x2  
  56  4:27  Zergling x4  
Show
View Real Time Build Order
Export as new Build Order

nanO Protoss 

Build Orders: 1 Gate Expand 

Get SALT Encoding   

  12  0:00  Probe  
  13  0:12  Probe  
  14  0:18  Pylon  
  14  0:24  Probe  
  15  0:32  Probe  
  15  0:38  Gateway  
  15  0:40  Probe  
  16  0:47  Assimilator  
  17  0:51  Probe  
  18  1:03  Probe  
  19  1:21  Nexus  
  19  1:25  Probe  
  20  1:36  Cybernetics Core  
  20  1:39  Probe  
  21  1:45  Assimilator  
  21  1:51  Probe  
  22  1:54  Pylon  
  22  2:02  Adept  
  22  2:03  Probe  
  23  2:12  Warp Gate  
  23  2:15  Probe  
  26  2:20  Twilight Council  
  26  2:22  Stalker  
  26  2:27  Probe  
  27  2:34  Probe  
  30  2:39  Probe  
  31  2:46  Probe  
  32  2:51  Probe  
  32  2:54  Robotics Facility  
  32  2:58  Resonating Glaives, Probe  
  33  3:03  Probe  
  33  3:04  Adept  
  37  3:11  Probe  
  38  3:15  Gateway  
  38  3:20  Probe  
  39  3:28  Gateway  
  39  3:31  Warp Prism  
  39  3:33  Gateway  
  39  3:46  Pylon  
  41  3:48  Probe  
  41  3:54  Probe  
  43  4:00  Adept, Probe  
  46  4:06  Probe  
  46  4:08  Pylon  
  46  4:09  Adept  
  49  4:12  Probe  
  51  4:18  Pylon, Probe  
  52  4:25  Probe  
  52  4:27  Adept x2  
  55  4:35  Shield Battery x2  
  48  4:45  Adept  
Tags
 
Add a new tag
Caveats
  • Supply blocks, unpowered buildings, or Contaminate may cause inaccurate times.
  • Supply counts are checked every 10 seconds.